AoeStats
← Tesistaní

Arena

510575195Analyzed
3v3 RM · 2d ago on Oct 1, 2026· 47m 9s· 6 players
Game mode
Random Map
Map size
Normal (6 player)
Population
200
Speed
Normal
Resources
Standard
Victory
Conquest
Starting age
Dark Age
Ending age
Imperial Age
RankedLock teamsTeams togetherTeam positionsShared explorationLock speedFull tech treeHidden civsTurbo modeCheats
Victory
Defeat
🇲🇽 Britons · Mexico
1081
+15
🇲🇽 Mongols · Mexico
1073
+15
🇲🇽 Bohemians · Mexico
1070
+15
🇨🇳 Vietnamese · China
1071
-15
🇷🇺 Dravidians · Russia
1048
-15
🇩🇪 Vikings · Germany
1041
-15
-|pX|- Captain
11:50 Feudal Age
15:56 Castle Age
17:31 Double-Bit Axe
31:32 Imperial Age
29:16 Bow Saw
28:58 Gold Mining
28:59 Stone Mining
28:53 Horse Collar
30:14 Forging
30:05 Scale Mail Armor
30:42 Gold Shaft Mining
29:56 Loom
29:56 Town Watch
30:00 Pikeman
30:40 Squires
30:26 Arson
31:52 Iron Casting
33:21 Conscription
33:07 Chieftains
33:44 Man-at-Arms
34:01 Elite Berserk
35:50 Blast Furnace
35:10 Chain Mail Armor
34:40 Capped Ram
35:13 Long Swordsman
35:58 Two-Handed Swordsman
38:00 Champion
76561199137489861
8:52 Loom
11:08 Feudal Age
11:43 Horse Collar
11:51 Double-Bit Axe
18:00 Castle Age
19:37 Stone Mining
25:48 Fletching
27:15 Bodkin Arrow
27:52 Padded Archer Armor
28:04 Gold Mining
29:28 Wheelbarrow
31:40 Imperial Age
29:26 Elite Skirmisher
30:52 Hand Cart
32:14 Leather Archer Armor
33:36 Bracer
36:44 Chemistry
36:06 Ballistics
36:12 Bow Saw
36:35 Ring Archer Armor
36:17 Forging
37:27 Town Watch
39:45 Pikeman
42:50 Iron Casting
阿森
10:52 Feudal Age
14:55 Castle Age
12:45 Double-Bit Axe
12:51 Horse Collar
15:53 Bow Saw
17:31 Loom
22:06 Wheelbarrow
23:20 Heavy Plow
25:16 Hand Cart
28:54 Imperial Age
26:33 Gold Mining
26:35 Stone Mining
27:15 Masonry
26:45 Treadmill Crane
27:28 Ballistics
27:27 Fletching
27:55 Padded Archer Armor
27:57 Scale Mail Armor
28:07 Forging
28:28 Bodkin Arrow
28:42 Thumb Ring
29:00 Town Watch
29:49 Leather Archer Armor
28:57 Elite Skirmisher
29:43 Squires
29:05 Pikeman
31:04 Chain Mail Armor
30:53 Bracer
32:26 Chemistry
31:45 Guilds
32:01 Paper Money
32:37 Crop Rotation
33:13 Ring Archer Armor
33:00 Chain Mail Armor
32:50 Halberdier
34:47 Two-Man Saw
34:20 Imperial Skirmisher
35:41 Plate Mail Armor
35:52 Iron Casting
37:43 Bloodlines
37:33 Husbandry
38:14 Scale Barding Armor
38:09 Treadmill Crane
38:35 Siege Engineers
39:52 Hoardings
42:12 Bombard Tower
41:49 Murder Holes
[GDL] Aníbal
10:41 Feudal Age
12:36 Wheelbarrow
14:59 Castle Age
12:51 Double-Bit Axe
13:32 Horse Collar
16:03 Forging
16:11 Bow Saw
17:26 Husbandry
19:23 Heavy Plow
19:51 Loom
20:25 Stone Mining
22:15 Gold Mining
23:44 Bloodlines
27:15 Hand Cart
28:09 Iron Casting
29:00 Gold Shaft Mining
29:02 Stone Shaft Mining
32:17 Imperial Age
29:35 Town Watch
31:13 Scale Barding Armor
31:43 Fletching
33:12 Fervor
34:28 Conscription
34:23 Town Patrol
34:58 Onager
36:18 Capped Ram
38:13 Bodkin Arrow
38:19 Padded Archer Armor
38:46 Parthian Tactics
38:27 Thumb Ring
38:29 Siege Ram
39:50 Drill
40:06 Hoardings
39:10 Elite Steppe Lancer
41:41 Hoardings
41:46 Nomads
44:19 Chain Barding Armor
45:00 Blast Furnace
44:16 Leather Archer Armor
44:14 Fortified Wall
44:00 Murder Holes
44:10 Siege Engineers
44:16 Masonry
44:51 Bracer
45:54 Chemistry
45:14 Ballistics
45:00 Siege Engineers
46:27 Elite Mangudai
46:38 Sappers
Tesistaní
10:32 Feudal Age
11:34 Double-Bit Axe
15:41 Castle Age
14:18 Horse Collar
15:56 Loom
22:01 Wheelbarrow
21:14 Town Watch
25:05 Heavy Plow
25:21 Fletching
30:03 Imperial Age
27:32 Bodkin Arrow
29:43 Chemistry
29:39 Wagenburg Tactics
29:57 Ballistics
30:05 Forging
31:07 Fortified Wall
31:34 Bow Saw
31:22 Pikeman
33:22 Conscription
32:34 Halberdier
33:59 Bombard Tower
35:44 Elite Skirmisher
39:49 Hand Cart
38:57 Cavalier
39:38 Husbandry
44:12 Scale Barding Armor
Dopamine
0:32 Loom
11:44 Feudal Age
13:48 Double-Bit Axe
13:46 Horse Collar
16:31 Castle Age
17:22 Bow Saw
17:41 Gold Mining
19:49 Fletching
21:31 Gold Shaft Mining
21:47 Ballistics
24:40 Stone Mining
27:45 Imperial Age
27:13 Yeomen
28:52 Wheelbarrow
28:15 Pikeman
29:40 Crossbowman
30:20 Bodkin Arrow
31:13 Padded Archer Armor
31:05 Halberdier
34:05 Chemistry
33:02 Murder Holes
34:06 Bracer
36:57 Leather Archer Armor
38:33 Ring Archer Armor
38:41 Forging
38:31 Scale Mail Armor
39:39 Elite Longbowman
41:05 Hand Cart
42:03 Iron Casting
41:44 Chain Mail Armor
44:56 Blast Furnace
44:26 Plate Mail Armor
44:44 Crossbowman
45:23 Arbalester
47:15 Two-Man Saw
47:03 Squires
46:48 Arson
Connection lost

Rejoining the realm…

Still unreachable

The connection could not be restored.

Session expired

The server has moved on; the page needs a fresh start.